 Dungeon Crawl Stone Soup version 0.31.0-11-ge490571c62 (webtiles) character file.

Game seed: 16223678301857431112

93717 dialectric the Bludgeoner (level 15, -2/145 HPs)
             Began as a Minotaur Fighter on Jan 31, 2024.
             Was a High Priest of Jiyva.
             Slain by a merfolk impaler
             ... wielding a +1 demon trident of venom
              (3 damage)
             ... on level 3 of the Shoals.
             The game lasted 00:42:10 (27895 turns).

dialectric the Bludgeoner (Minotaur Fighter)       Turns: 27895, Time: 00:42:10

Health: -2/145     AC: 27    Str: 26    XL:     15   Next: 61%
Magic:  14/14      EV: 12    Int:  5    God:    Jiyva [*****.]
Gold:   948        SH:  0    Dex: 12    Spells: 11/14 levels left

rFire   . . .        d - +6 great mace (elec)
rCold   . . .        (shield currently unavailable)
rNeg    . . .        I - +3 chain mail {Will+}
rPois   .            a - +2 hat
rElec   .            (no cloak)
rCorr   +            K - +1 pair of gloves
SInv    .            J - +1 pair of boots
Will    +++..        G - amulet of reflection Stlth
                     H - ring of flight
HPRegen 1.88/turn    E - ring of willpower
MPRegen 0.86/turn

%: reflection, clarity
@: confused, lethally poisoned (-2 -> -33), ambrosia-drunk, flying
A: horns 2, retaliatory headbutt, clarity, shaggy fur 2, wild magic 1, jelly
absorbing missiles, MP-powered wands
a: Renounce Religion, Oozemancy, Slimify


You were on level 3 of the Shoals.
You worshipped Jiyva.
Jiyva was extremely pleased with you.
You visited 6 branches of the dungeon, and saw 25 of its levels.

You collected 2016 gold pieces.
You spent 1068 gold pieces at shops.

Inventory:

Hand Weapons
 d - a +6 great mace of electrocution (weapon)
 e - a +1 demon trident of draining
 B - a +1 morningstar
 R - a +2 trident of distortion
Missiles
 D - 6 javelins
 M - 29 poisoned darts (quivered)
 U - 4 curare-tipped darts
Armour
 a - a +2 hat (worn)
 b - the +3 hat of Pondering {ponderous, Will+ MP+10 Int+5}
   (You took it off Gastronok on level 9 of the Dungeon)

   Int+5:     It affects your intelligence (+5).
   Will+:     It increases your willpower.
   MP+10:     It affects your magic capacity (+10).
 c - a +0 buckler
 h - a +0 kite shield
 I - a +3 chain mail of willpower (worn)
 J - a +1 pair of boots (worn)
 K - a +1 pair of gloves (worn)
 O - a +2 kite shield of positive energy
 P - the +1 ring mail of the Storm King {rPois}
   (You found it on level 13 of the Dungeon)

   rPois:     It protects you from poison
 S - a +0 plate armour
Jewellery
 l - a ring of protection from fire
 n - an amulet of guardian spirit
 t - a +6 ring of intelligence
 v - a ring of magical power
 E - a ring of willpower (right hand)
 G - an amulet of reflection (around neck)
 H - a ring of flight (left hand)
 N - an amulet of regeneration
Talismans
 s - a serpent talisman
 w - a beast talisman
 z - a maw talisman
Wands
 i - a wand of roots (8)
 o - a wand of polymorph (3)
 Q - a wand of charming (8)
 W - a wand of light (8)
Scrolls
 g - a scroll of fog
 m - 7 scrolls of teleportation
 q - a scroll of poison
 u - 4 scrolls of blinking
 y - 6 scrolls of immolation
 C - 8 scrolls of identify
 Y - a scroll of brand weapon
Potions
 f - a potion of ambrosia
 j - 3 potions of enlightenment
 k - a potion of might
 p - 5 potions of lignification
 r - 2 potions of attraction
 A - a potion of magic
 F - a potion of resistance
 T - a potion of cancellation
 X - a potion of mutation


   Skills:
 + Level 16.4 Fighting
 + Level 20.1 Maces & Flails
 - Level 1.5 Throwing
 * Level 18.9 Armour
 - Level 7.1 Dodging
 - Level 7.1 Shields
 - Level 3.0 Evocations


You had 11 spell levels left.
You knew the following spells:

 Your Spells              Type           Power      Damage    Failure   Level
a - Swiftness             Air            0%         N/A       99%         3

Your spell library contained the following spells:

 Spells                   Type           Power      Damage    Failure   Level
 Necrotise                Necr           0%         1d4       87%         1
 Shock                    Conj/Air       0%         1d3       87%         1
 Cigotuvi's Dreadful Rot  Necr/Alch/Air  0%         N/A       95%         2
 Ensorcelled Hibernation  Hex/Ice        0%         N/A       95%         2
 Lesser Beckoning         Tloc           0%         N/A       95%         2
 Mercury Vapours          Alch/Air       0%         N/A       95%         2
 Static Discharge         Conj/Air       0%         3-3/arc   95%         2
 Sublimation of Blood     Necr           0%         N/A       95%         2
 Fugue of the Fallen      Necr           0%         N/A       99%         3
 Gell's Gravitas          Tloc           0%         N/A       99%         3
 Mephitic Cloud           Conj/Alch/Air  0%         N/A       99%         3
 Teleport Other           Tloc           0%         N/A       99%         3
 Tukima's Dance           Hex            0%         N/A       99%         3
 Vampiric Draining        Necr           0%         2d6       99%         3
 Airstrike                Air            0%         2d(0-16)  100%        4
 Anguish                  Hex/Necr       0%         N/A       100%        4
 Cause Fear               Hex            0%         N/A       100%        4
 Dimensional Bullseye     Hex/Tloc       0%         N/A       100%        4
 Ignite Poison            Fire/Alch      0%         N/A       100%        4
 Iskenderun's Mystic Bla  Conj/Tloc      0%         2d3       100%        4
 Martyr's Knell           Necr/Summ      0%         N/A       100%        4
 Petrify                  Alch/Erth      0%         N/A       100%        4
 Summon Lightning Spire   Summ/Air       0%         N/A       100%        4
 Curse of Agony           Necr           0%         N/A       100%        5
 Freezing Cloud           Conj/Ice/Air   0%         6-21      100%        5
 Irradiate                Conj/Alch      0%         3d11      100%        5
 Enfeeble                 Hex            0%         N/A       100%        7


Dungeon Overview and Level Annotations

Branches:
Dungeon (13/15)            Temple (1/1) D:4            Lair (5/5) D:9
 Shoals (3/4) Lair:2       Spider (0/4) Lair:3        Slime (0/5) Lair:5
    Orc (2/2) D:10            Elf (1/3) Orc:2        Vaults (0/5) D:13

Altars:
Ashenzari
Cheibriados
Dithmenos
Elyvilon
Fedhas
Gozag
Hepliaklqana
Kikubaaqudgha
Makhleb
Nemelex Xobeh
Okawaru
Qazlal
Ru
Sif Muna
Trog
Uskayaw
Vehumet
Wu Jian
Xom
Yredelemnul
Zin
The Shining One
Jiyva

Shops:
D:1 *   D:4 !   D:6 =   Orc:2 [**(=(!*!

Annotations:
Shoals:2 exclusion: oklob plant
Shoals:3 1 runed translucent door


Innate Abilities, Weirdness & Mutations

You have a pair of horns on your head.
You reflexively headbutt those who attack you in melee.
You possess an exceptional clarity of mind.
You are covered in thick fur. (AC +2)
Your spells are a little harder to cast, but a little more powerful.
You have a small jelly attached to you that may absorb projectiles.
You expend magic power (3 MP) to strengthen your wands.


Message History

You closely miss the merfolk impaler.
The merfolk impaler is moderately wounded.
You feel extremely sick. The merfolk closely misses you.
The merfolk impaler hits you with a +1 demon trident of venom!
You are more poisoned.
Unknown command.
You barely miss the merfolk impaler.
Your headbutt misses the merfolk impaler.
The merfolk impaler is moderately wounded.
You feel extremely sick.
The merfolk avatar chants a haunting song.
You are unaffected.
You block the merfolk impaler's attack. The merfolk barely misses you.
You sock the merfolk impaler!
Lightning courses through the merfolk impaler!!
Your headbutt misses the merfolk impaler.
The merfolk impaler is severely wounded.
You feel extremely sick.
The merfolk impaler hits you with a +1 demon trident of venom!
* * * LOW HITPOINT WARNING * * *
You are lethally poisoned!
The merfolk avatar chants a haunting song.
You are unaffected.
You miss the merfolk impaler.
The merfolk impaler is severely wounded.
* * * LOW HITPOINT WARNING * * *
You feel extremely sick. The merfolk closely misses you.
The merfolk impaler barely misses you.
The merfolk impaler hits you with a +1 demon trident of venom.
* * * LOW HITPOINT WARNING * * *
You are more poisoned.
You are confused.
You feel invigorated.
* * * LOW HITPOINT WARNING * * *
You feel extremely sick.
The merfolk hits you from afar with a +0 spear!
* * * LOW HITPOINT WARNING * * *
The merfolk impaler hits you with a +1 demon trident of venom.
You die...

≈≈≈≈≈≈~~~~~~~~~~
≈≈≈≈≈~~~~..........~~~≈≈
≈≈≈≈≈~~~~..........~~~≈≈
≈≈≈~~~~~~...........~~≈≈
≈≈≈~~~~~~...........~~~≈
≈≈≈~~~~~~............~~≈
≈≈≈≈≈#######.........~~≈
~~≈≈≈#=.)..#....m.m..~~≈
~~~≈≈# ≈≈≈~+....@...~~≈≈
~~~~~# ....#...)....~m≈≈
.~~~~#######........~~≈≈
~~~~~~~~.............~≈≈
~~~~~~~~............~~≈≈
.~~~~~~~...........~~~≈≈
~~~~~~~~.........^.~~≈≈≈
~~~~~~~~~.......~~..~~≈≈
~~~~~~~~~...##.≈≈~~~~~≈≈


You could see a merfolk avatar, a merfolk impaler and a merfolk.

Vanquished Creatures
  Rupert (Lair:4)
  Gastronok (D:9)
  An orc warlord (Orc:2)
  Nessos (Orc:1)
  An ettin (Orc:1)
  3 merfolk impalers
  An ice dragon (Lair:5)
  3 hydras
  2 merfolk aquamancers
  4 boulder beetles
  Erica (D:8)
  2 tengu warriors (D:13)
  4 two-headed ogres
  An alligator snapping turtle (Shoals:3)
  6 orc high priests
  Sonja (Lair:3)
  Nergalle (Lair:1)
  A fire crab (Lair:5)
  A skeletal warrior (D:13)
  A skyshark (Lair:2)
  2 sea snakes
  A deep elf archer (D:13)
  10 harpies
  3 deep elf zephyrmancers
  A lindwurm (Lair:5)
  2 deep elf pyromancers
  4 orc knights
  3 ugly things
  5 orc sorcerers
  An oklob plant (Lair:1)
  11 fauns
  5 manticores
  2 cyclopes
  2 kobold blastminers (Orc:1)
  4 merfolk sirens
  2 black mambas
  9 elephants
  11 cane toads
  An unseen horror (D:11)
  2 rime drakes
  5 torpor snails (Lair:5)
  5 water nymphs
  A gargoyle (D:13)
  3 kobold demonologists
  4 centaur skeletons (D:13)
  8 komodo dragons
  2 ice devils (D:13)
  13 merfolk
  2 polar bears
  4 trolls
  14 blink frogs
  10 hornets
  4 wind drakes
  4 tyrant leeches (Lair:5)
  7 snapping turtles
  A jumping spider (Lair:3)
  Sigmund (D:3)
  4 wraiths
  A shadow (D:12)
  8 water elementals
  5 wyverns
  A warg (Orc:1)
  25 yaks
  4 basilisks
  6 vampire mosquitoes
  3 redbacks (Lair:2)
  17 water moccasins
  3 ice beasts
  A sky beast (D:6)
  33 orc warriors
  3 ogres
  2 black bears (D:6)
  3 centaurs
  29 wolves
  8 kobold brigands
  19 bullfrogs
  A gnoll sergeant (D:5)
  2 scorpions
  5 wights (D:10)
  7 killer bees
  3 howler monkeys (D:8)
  An electric eel (Lair:3)
  3 bombardier beetles (D:5)
  5 hounds
  A lava snake (Lair:5)
  2 gnoll boudas
  37 orc priests
  2 iguanas
  31 orc wizards
  Terence (D:2)
  6 hell rats
  9 adders
  10 gnolls
  2 ribbon worms
  5 dart slugs
  78 orcs
  4 bats
  6 endoplasms
  2 giant cockroaches
  3 goblins
  6 hobgoblins
  3 jackals (D:2)
  9 kobolds
  2 quokkas
  6 ball pythons
  6 frilled lizards
  5 rats
644 creatures vanquished.

Vanquished Creatures (collateral kills)
  A merfolk (Shoals:2)
  An orc warrior (Orc:1)
2 creatures vanquished.

Vanquished Creatures (others)
  A merfolk siren (Shoals:1)
  A polar bear (Lair:3)
  2 yaks (Lair:1)
  An orc warrior (Orc:2)
  28 jellies
  8 orc priests (Orc:2)
  7 orc wizards (Orc:2)
  2 orcs (Orc:2)
  A hobgoblin (D:3)
51 creatures vanquished.

Grand Total: 697 creatures vanquished

Notes
Turn   | Place    | Note
-------+----------+-------------------------------------------
     0 | D:1      | dialectric the Minotaur Fighter began the quest for the
                  | Orb.
     0 | D:1      | Reached XP level 1. HP: 19/19 MP: 0/0
   246 | D:1      | Reached XP level 2. HP: 26/27 MP: 1/1
   476 | D:1      | Found Elepaej's General Store.
   750 | D:2      | Noticed Terence
   752 | D:2      | Reached XP level 3. HP: 33/33 MP: 2/2
   755 | D:2      | Killed Terence
   756 | D:2      | Reached skill level 3 in Maces & Flails
   756 | D:2      | Reached skill level 1 in Dodging
  1083 | D:3      | Reached XP level 4. HP: 34/40 MP: 3/3
  1253 | D:3      | Noticed Sigmund
  1516 | D:3      | Found a hazy altar of Hepliaklqana.
  1671 | D:3      | Reached skill level 4 in Maces & Flails
  1671 | D:3      | Reached XP level 5. HP: 25/47 MP: 4/4
  1890 | D:3      | Killed Sigmund
  1891 | D:3      | Reached skill level 5 in Maces & Flails
  1891 | D:3      | Reached skill level 5 in Armour
  1891 | D:3      | Reached XP level 6. HP: 23/55 MP: 5/5
  2384 | D:4      | Found a staircase to the Ecumenical Temple.
  2397 | Temple   | Entered the Ecumenical Temple
  2427 | D:4      | Found a shimmering altar of Xom.
  2548 | D:4      | Reached skill level 5 in Fighting
  2694 | D:4      | You fall into a shaft and drop 2 floors!
  2780 | D:6      | Found a bloodstained altar of Trog.
  2795 | D:6      | Reached skill level 6 in Maces & Flails
  2795 | D:6      | Reached XP level 7. HP: 53/61 MP: 6/6
  2842 | D:6      | Found Netoeh's Jewellery Emporium.
  3089 | D:6      | Reached skill level 7 in Maces & Flails
  3410 | D:6      | Reached XP level 8. HP: 62/70 MP: 7/7
  4951 | D:7      | Reached skill level 8 in Maces & Flails
  5368 | D:5      | Entered Level 5 of the Dungeon
  5594 | D:5      | Found a burning altar of Makhleb.
  5594 | D:5      | Found a basalt altar of Yredelemnul.
  5775 | D:5      | Reached skill level 10 in Armour
  5814 | D:5      | Reached XP level 9. HP: 66/75 MP: 8/8
  5900 | D:5      | Reached skill level 9 in Maces & Flails
  6326 | D:4      | Found Huostah's Distillery.
  6346 | D:4      | Bought a potion of heal wounds for 60 gold pieces
  6346 | D:4      | Bought a potion of curing for 36 gold pieces
  6346 | D:4      | Bought a potion of berserk rage for 60 gold pieces
  6863 | D:8      | Noticed Maggie
  6878 | D:8      | Maggie changed into Maggie the ogre
  6878 | D:8      | Noticed Maggie
  6882 | D:8      | Killed Maggie the ogre
  6988 | D:8      | Noticed Erica
  7330 | D:9      | Noticed a two-headed ogre
  7337 | D:9      | Killed a two-headed ogre
  7338 | D:9      | Reached skill level 10 in Maces & Flails
  7339 | D:9      | Noticed a rime drake
  7345 | D:9      | Killed a rime drake
  7423 | D:9      | Noticed a polar bear
  7431 | D:9      | Killed a polar bear
  7445 | D:9      | Reached XP level 10. HP: 23/83 MP: 9/9
  7473 | D:9      | Reached skill level 11 in Maces & Flails
  7473 | D:9      | Reached skill level 1 in Evocations
  7652 | D:9      | Noticed Gastronok
  7671 | D:9      | Killed Gastronok
  7743 | D:9      | Found a staircase to the Lair.
  8591 | D:8      | Found an ornate altar of the Wu Jian Council.
  8617 | D:8      | Found a snail-covered altar of Cheibriados.
  8684 | D:10     | Entered Level 10 of the Dungeon
  8743 | D:10     | Reached skill level 12 in Maces & Flails
  8957 | D:10     | Found a staircase to the Orcish Mines.
  9031 | D:10     | Reached skill level 5 in Shields
  9397 | D:10     | Found a shadowy altar of Dithmenos.
  9645 | D:11     | Reached skill level 5 in Dodging
 10152 | D:11     | Reached skill level 13 in Maces & Flails
 10410 | D:11     | Reached XP level 11. HP: 81/89 MP: 10/10
 10441 | D:11     | Found a snail-covered altar of Cheibriados.
 10449 | D:11     | Paralysed by a hornet for 1 turns
 11366 | Lair:1   | Entered Level 1 of the Lair of Beasts
 11366 | Lair:1   | Noticed an oklob plant
 12057 | Lair:1   | Reached skill level 14 in Maces & Flails
 12259 | Lair:1   | Noticed Nergalle
 12271 | Lair:1   | Noticed a spectral orc warlord
 12271 | Lair:1   | Killed Nergalle
 13045 | Lair:2   | Reached XP level 12. HP: 102/102 MP: 11/11
 13217 | Lair:2   | Found a staircase to the Shoals.
 13223 | Lair:2   | Noticed a boulder beetle
 13237 | Lair:2   | Killed a boulder beetle
 13835 | Lair:3   | Found a hole to the Spider Nest.
 14024 | Lair:2   | Reached skill level 15 in Armour
 14032 | Lair:2   | Reached skill level 15 in Maces & Flails
 14345 | Lair:3   | Noticed Sonja
 14365 | Lair:3   | Killed Sonja
 15071 | Lair:3   | Reached skill level 1 in Throwing
 15695 | Lair:4   | Noticed a five-headed hydra
 15705 | Lair:4   | Killed a five-headed hydra
 15706 | Lair:4   | Reached skill level 10 in Fighting
 15708 | Lair:4   | Noticed a seven-headed hydra
 15892 | Orc:1    | Entered Level 1 of the Orcish Mines
 16894 | D:12     | Noticed a two-headed ogre
 16900 | D:12     | Killed a two-headed ogre
 16910 | D:12     | Reached XP level 13. HP: 102/116 MP: 12/12
 17019 | D:12     | Reached skill level 16 in Maces & Flails
 18187 | Orc:2    | Entered Level 2 of the Orcish Mines
 18187 | Orc:2    | Found Awes's Assorted Antiques.
 18187 | Orc:2    | Found Dodoynt's Distillery.
 18238 | Orc:2    | Found a staircase to the Elven Halls.
 18271 | Orc:2    | Bought a scroll of enchant weapon for 157 gold pieces
 18275 | Orc:2    | Bought a potion of heal wounds for 50 gold pieces
 18275 | Orc:2    | Bought a potion of heal wounds for 50 gold pieces
 18275 | Orc:2    | Bought a potion of mutation for 80 gold pieces
 18275 | Orc:2    | Gained mutation: You possess an exceptional clarity of
                  | mind. [potion of mutation]
 18275 | Orc:2    | Gained mutation: Your spells are a little harder to cast,
                  | but a little more powerful. [potion of mutation]
 18287 | Orc:2    | Learned a level 3 spell: Swiftness
 18314 | Orc:2    | Noticed Nessos
 18679 | Lair:4   | Noticed Rupert
 19123 | Lair:4   | Paralysed by Rupert for 4 turns
 19172 | Lair:4   | Killed Rupert
 19175 | Lair:4   | HP: 5/119 [boulder beetle (33)]
 20008 | Lair:5   | Entered Level 5 of the Lair of Beasts
 20240 | Lair:5   | Reached skill level 17 in Maces & Flails
 20256 | Lair:5   | Found a staircase to the Slime Pits.
 20262 | Lair:5   | Found a viscous altar of Jiyva.
 20269 | Lair:5   | Became a worshipper of Jiyva Jicviply the Shapeless
 20740 | Lair:5   | Paralysed by a hornet for 2 turns
 20744 | Lair:5   | Paralysed by a hornet for 1 turns
 21248 | D:8      | Killed Erica
 21249 | D:8      | Reached skill level 18 in Maces & Flails
 21616 | D:8      | Reached * piety under Jiyva
 21857 | Orc:1    | Killed Nessos
 21907 | Orc:2    | Reached XP level 14. HP: 103/129 MP: 13/13
 22288 | Orc:2    | Bought a scroll of blinking for 157 gold pieces
 22292 | Orc:2    | Bought a potion of might for 40 gold pieces
 22580 | Orc:2    | Found Xegauh's Antique Weapon Emporium.
 22580 | Orc:2    | Found Jofihac's Assorted Antiques.
 22581 | Orc:2    | Found Itomnaol's General Store.
 22585 | Orc:2    | Found Lyth's Jewellery Emporium.
 22590 | Orc:2    | Bought a scroll of teleportation for 63 gold pieces
 22590 | Orc:2    | Bought a scroll of teleportation for 63 gold pieces
 22616 | Orc:2    | Found Ethreshu's Weapon Shop.
 22621 | Orc:2    | Found Nypimm's Distillery.
 22629 | Orc:2    | Bought a potion of curing for 45 gold pieces
 22649 | Orc:2    | Found Horar's Armour Shop.
 22656 | Orc:2    | Found an iron altar of Okawaru.
 22661 | Orc:2    | Bought a +1 pair of boots for 207 gold pieces
 23200 | D:12     | Reached skill level 19 in Maces & Flails
 23802 | D:13     | Found a stormy altar of Qazlal.
 23815 | D:13     | Identified the +1 ring mail of the Storm King {rPois}
 23921 | D:13     | Found a gate to the Vaults.
 24258 | Elf:1    | Entered Level 1 of the Elven Halls
 24286 | Orc:2    | Reached skill level 20 in Maces & Flails
 24364 | Orc:1    | Noticed an orc warlord
 24382 | Orc:2    | Killed an orc warlord
 24653 | Orc:1    | Reached ** piety under Jiyva
 25837 | Shoals:1 | Entered Level 1 of the Shoals
 26006 | Lair:2   | Reached XP level 15. HP: 93/139 MP: 14/14
 26284 | Shoals:1 | Reached skill level 15 in Fighting
 26377 | Shoals:1 | Reached *** piety under Jiyva
 26541 | Shoals:1 | Gained mutation: You expend magic power (3 MP) to
                  | strengthen your wands. [Jiyva's grace]
 26541 | Shoals:1 | Gained mutation: You have a small jelly attached to you
                  | that may absorb projectiles. [Jiyva's grace]
 26541 | Shoals:1 | Gained mutation: You are covered in fur. (AC +1) [Jiyva's
                  | grace]
 26541 | Shoals:1 | Gained mutation: You are covered in thick fur. (AC +2)
                  | [Jiyva's grace]
 27007 | Shoals:2 | Reached **** piety under Jiyva
 27867 | Shoals:3 | Reached ***** piety under Jiyva
 27874 | Shoals:3 | Found a runed translucent door.
 27895 | Shoals:3 | HP: 1/145 [merfolk/+0 spear[a merfolk impaler] (9)]
 27895 | Shoals:3 | Slain by a merfolk impaler

Illustrated notes

Levels and vault maps discovered:
D:1:      nagdon_arrival_zigzag_paths, layout_loops_ring, serial_shops, shop
D:2:      layout_basic, uniq_terence
D:3:      layout_rooms, mainiacjoe_overflow_24_doors, hangedman_decor_growths,
          patterned_corridor, uniq_sigmund
D:4:      layout_loops_ring, mainiacjoe_overflow_catwalk,
          minmay_temple_entry_crystal_x, serial_shops,
          nicolae_shop_tiny_real_fake_doors
D:5:      minmay_octagon_keep, layout_basic,
          chequers_temple_overflow_statue_of_worship
D:6:      layout_gridville, trog_ov_bears_minmay, serial_shops,
          nicolae_shop_advertising_works [nicolae_subvault_shop_adworks]
D:7:      layout_basic, corexii_item_surrounded_by_moat
D:8:      layout_layer_cave, mainiacjoe_overflow_big_doors, uniq_maggie,
          uniq_erica
D:9:      layout_basic, hellmonk_lair_entry_icy, kennysheep_generic_room_4,
          uniq_gastronok
D:10:     layout_basic, grunt_dithmenos_smoke_and_mirrors, orc_0_dummy
D:11:     layout_basic, kennysheep_slug_shrine
D:12:     layout_irregular_city
D:13:     layout_loops_cross, hangedman_vaults_entry_quadrant_bands,
          portal_ice_cave_demonic_guard, nicolae_qazlal_scattered_showers
Temple:   nicolae_temple_two_arcs
Lair:1:   layout_cellular_growth, dpeg_stationary_puzzle, uniq_nergalle
Lair:2:   layout_regular_city, shoals_dummy_entry
Lair:3:   layout_hall_layers, spider_nest_entry_a, serial_bayou_shore_a,
          uniq_sonja
Lair:4:   layout_loops_ring, serial_bayou_shore_b, lemuel_fruit_tree,
          grunt_megastairs_4, uniq_rupert
Lair:5:   wormcave, layout_gridlike, slime_entry_1, grunt_megastairs_3
Shoals:1: layout_shoals
Shoals:2: layout_shoals, nicolae_shoals_this_corrosion, uniq_ilsuiw
Shoals:3: layout_shoals, ebering_ghost_reflecting_pool
Orc:1:    orc_temple, layout_caves, enter_volcano_1
Orc:2:    st_orc_mages, layout_caves, serial_shops, nicolae_shop_behind_doors,
          shop, shop, shop, shop, okawaru_metal_pillars_1_2, uniq_nessos
Elf:1:    nicolae_elf_arrival_no_cutting_in_line, layout_gridlike,
          portal_desolation_entry_nicolae_nacl, minivault_28, grunt_megastairs_1

Skill      XL: |  1  2  3  4  5  6  7  8  9 10 11 12 13 14 15 |
---------------+----------------------------------------------+-----
Armour         | 4 5 7 10 12 13 14 16 18 | 18.9
Fighting       | 4 5 6 8 11 13 14 16 | 16.4
Shields        | 4 5 6 7 |  7.1
Maces & Flails | 3 4 5 6 7 8 10 13 14 15 18 20 | 20.1
Dodging        | 1 2 3 5 6 7 |  7.1
Evocations     | 1 2 3 |  3.0
Throwing       | 1 |  1.5

Action                     |  1- 3 |  4- 6 |  7- 9 | 10-12 | 13-15 || total
---------------------------+-------+-------+-------+-------+-------++-------
  Melee: Flail             |    67 |   101 |    70 |       |       ||   238
         Headbutt          |     6 |    12 |    35 |   131 |   223 ||   407
         Punch             |     1 |       |     4 |     9 |     1 ||    15
         Morningstar       |       |       |   157 |   731 |   164 ||  1052
         Great mace        |       |       |       |       |   852 ||   852
  Throw: Javelin           |       |       |       |     4 |       ||     4
         Dart              |       |       |       |     3 |    11 ||    14
  Evoke: Wand              |       |       |     8 |    16 |     4 ||    28
    Use: Potion            |       |     1 |     5 |     3 |     9 ||    18
         Scroll            |       |       |     5 |    16 |     8 ||    29
 Armour: Scale mail        |    44 |    29 |       |       |       ||    73
         Chain mail        |       |    73 |   198 |   603 |   958 ||  1832
  Dodge: Dodged            |    31 |    65 |   103 |   379 |   441 ||  1019
  Block: Buckler           |     1 |       |       |       |    64 ||    65
         Other             |       |       |    12 |   188 |   187 ||   387
         Reflection        |       |       |     2 |     5 |    21 ||    28
